PUB
MONTREAL ROYALS @ ORLANDO ORACLES
04/11/1972
 
TOP OF THE 1ST
Montreal Royals batting - Pitching for Orlando Oracles : RHP Angelino Rodledo
Pitching: RHP Angelino Rodledo
Batting: LHB Javier García 0-0: Ball
1-0: Fly out, F4 (Line Drive, 4, EV 73.1 MPH)
Batting: RHB Luis López 0-0: Ball
1-0: Foul Ball, location: 9LSF
1-1: Called Strike
1-2: Ball
2-2: SOLO HOME RUN (Flyball, 7D, EV 92.5 MPH), Distance : 352 ft
Batting: LHB Nick Nix 0-0: Ball
1-0: Foul Ball, location: 2F
1-1: Ball
2-1: Fly out, F4 (Popup, 4MD, EV 70.6 MPH)
Batting: RHB Juan Méndez 0-0: Ball
1-0: Ground out 6-3 (Groundball, 6, EV 76.3 MPH)
Top of the 1st over - 1 run, 1 hit, 0 errors, 0 left on base; Montreal 1 - Orlando 0
BOTTOM OF THE 1ST
Orlando Oracles batting - Pitching for Montreal Royals : RHP Louis Melman
Pitching: RHP Louis Melman
Batting: RHB Cesar Cedeno 0-0: Foul Ball, location: 25F
0-1: Ball
1-1: Called Strike
1-2: Ball
2-2: Ball
3-2: Strikes out swinging
Batting: RHB Edward Wilson 0-0: Called Strike
0-1: Foul Ball, location: 3FF
0-2: Foul Ball, location: 9LMF
0-2: Strikes out swinging
Batting: RHB Bob Robertson 0-0: Fly out, F8 (Flyball, 8LD, EV 104.4 MPH)
Bottom of the 1st over - 0 runs, 0 hits, 0 errors, 0 left on base; Montreal 1 - Orlando 0
TOP OF THE 2ND
Montreal Royals batting - Pitching for Orlando Oracles : RHP Angelino Rodledo
Batting: LHB Bob Byers 0-0: Ball
1-0: SINGLE (Groundball, 6MD, EV 98.1 MPH)
Batting: LHB Jake Cameron 0-0: Swinging Strike
0-1: Swinging Strike
0-2: Foul Ball, location: 7LSF
0-2: Ball
1-2: Ball
2-2: Grounds into double play, 4-6-3 (Groundball, 4, EV 105.6 MPH)
Batting: RHB Francis Smith 0-0: Ball
1-0: Ground out 5-3 (Groundball, 56, EV 99.4 MPH)
Top of the 2nd over - 0 runs, 1 hit, 0 errors, 0 left on base; Montreal 1 - Orlando 0
BOTTOM OF THE 2ND
Orlando Oracles batting - Pitching for Montreal Royals : RHP Louis Melman
Batting: RHB Miguel Chávez 0-0: Called Strike
0-1: Fly out, F7 (Flyball, 78M, EV 88.1 MPH)
Batting: LHB Ed Herrmann 0-0: Called Strike
0-1: Foul Ball, location: 2F
0-2: Ball
1-2: Strikes out looking
Batting: LHB Matty Alou 0-0: Called Strike
0-1: Fly out, F7 (Flyball, 78D, EV 106.3 MPH)
Bottom of the 2nd over - 0 runs, 0 hits, 0 errors, 0 left on base; Montreal 1 - Orlando 0
TOP OF THE 3RD
Montreal Royals batting - Pitching for Orlando Oracles : RHP Angelino Rodledo
Batting: RHB Steve Robinson 0-0: Called Strike
0-1: Foul Ball, location: 9LMF
0-2: Ball
1-2: Ball
2-2: Ball
3-2: Base on Balls
Batting: RHB Louis Melman 0-0: Bunted foul
0-1: Sac Bunt to 15 - play at first, batter safe!
Steve Robinson to second
Batting: LHB Javier García 0-0: Ball
1-0: Swinging Strike
1-1: Ball
2-1: Foul Ball, location: 2F
2-2: Grounds into double play, 4-6-3 (Groundball, 4, EV 80.6 MPH)
Steve Robinson to third
Batting: RHB Luis López 0-0: Fly out, F7 (Flyball, 78S, EV 85.6 MPH)
Top of the 3rd over - 0 runs, 1 hit, 0 errors, 1 left on base; Montreal 1 - Orlando 0
BOTTOM OF THE 3RD
Orlando Oracles batting - Pitching for Montreal Royals : RHP Louis Melman
Batting: RHB Dan Brown 0-0: Fly out, F7 (Flyball, 7LM, EV 96.3 MPH)
Batting: RHB Brian Burkill 0-0: Called Strike
0-1: Ball
1-1: Ball
2-1: SINGLE (Groundball, 34D, EV 98.1 MPH)
Batting: RHB Angelino Rodledo 0-0: Ball
1-0: Bunted foul
1-1: Sac Bunt to 15 - play at first, batter OUT! 1-3
Brian Burkill to second
Batting: RHB Cesar Cedeno 0-0: Ball
1-0: Ball
2-0: Called Strike
2-1: Fly out, F9 (Flyball, 89M, EV 95.6 MPH)
Bottom of the 3rd over - 0 runs, 1 hit, 0 errors, 1 left on base; Montreal 1 - Orlando 0
TOP OF THE 4TH
Montreal Royals batting - Pitching for Orlando Oracles : RHP Angelino Rodledo
Batting: LHB Nick Nix 0-0: Ball
1-0: Ball
2-0: Foul Ball, location: 7LMF
2-1: Foul Ball, location: 3FF
2-2: Ball
3-2: Base on Balls
Batting: RHB Juan Méndez 0-0: Swinging Strike
0-1: Ball
1-1: Foul Ball, location: 2F
1-2: Foul Ball, location: 2F
1-2: Foul Ball, location: 9LMF
1-2: Strikes out looking
Batting: LHB Bob Byers 0-0: Ball
1-0: Ball
2-0: Foul Ball, location: 2F
2-1: Called Strike
2-2: Fly out, F7 (Flyball, 7D, EV 77.5 MPH)
Batting: LHB Jake Cameron 0-0: Called Strike
0-1: Ball
1-1: Fielders Choice at 2nd, U6 (Groundball, 6M, EV 83.1 MPH)
Top of the 4th over - 0 runs, 0 hits, 0 errors, 1 left on base; Montreal 1 - Orlando 0
BOTTOM OF THE 4TH
Orlando Oracles batting - Pitching for Montreal Royals : RHP Louis Melman
Batting: RHB Edward Wilson 0-0: Ball
1-0: Swinging Strike
1-1: Ball
2-1: Ball
3-1: Called Strike
3-2: Strikes out swinging
Batting: RHB Bob Robertson 0-0: Ball
1-0: Ground out 6-3 (Groundball, 56, EV 79.4 MPH)
Batting: RHB Miguel Chávez 0-0: Called Strike
0-1: Called Strike
0-2: Strikes out looking
Bottom of the 4th over - 0 runs, 0 hits, 0 errors, 0 left on base; Montreal 1 - Orlando 0
TOP OF THE 5TH
Montreal Royals batting - Pitching for Orlando Oracles : RHP Angelino Rodledo
Batting: RHB Francis Smith 0-0: Ground out 6-3 (Groundball, 6, EV 91.9 MPH)
Batting: RHB Steve Robinson 0-0: Ball
1-0: Ball
2-0: Ball
3-0: Called Strike
3-1: Foul Ball, location: 5F
3-2: Foul Ball, location: 2F
3-2: Strikes out looking
Batting: RHB Louis Melman 0-0: Foul Ball, location: 2F
0-1: Ball
1-1: Ball
2-1: Ball
3-1: Ground out 1-3 (Groundball, 34S, EV 66.9 MPH)
Top of the 5th over - 0 runs, 0 hits, 0 errors, 0 left on base; Montreal 1 - Orlando 0
BOTTOM OF THE 5TH
Orlando Oracles batting - Pitching for Montreal Royals : RHP Louis Melman
Batting: LHB Ed Herrmann 0-0: Ball
1-0: Ball
2-0: Called Strike
2-1: Ball
3-1: Called Strike
3-2: Base on Balls
Batting: LHB Matty Alou 0-0: Called Strike
0-1: Swinging Strike
0-2: Foul Ball, location: 2F
0-2: Grounds out, U3 (Groundball, 3L, EV 85.0 MPH)
Batting: RHB Dan Brown 0-0: Swinging Strike
0-1: Foul Ball, location: 2F
0-2: Foul Ball, location: 3DF
0-2: Ball
1-2: Ball
2-2: Ground out 3-1 (Groundball, 34, EV 105.6 MPH)
Ed Herrmann to third
Batting: RHB Brian Burkill 0-0: Intentional Walk
Batting: RHB Angelino Rodledo 0-0: Ball
1-0: Ground out 5-3 (Groundball, 56S, EV 66.3 MPH)
Bottom of the 5th over - 0 runs, 0 hits, 0 errors, 2 left on base; Montreal 1 - Orlando 0
TOP OF THE 6TH
Montreal Royals batting - Pitching for Orlando Oracles : RHP Angelino Rodledo
Batting: LHB Javier García 0-0: Ground out 4-3 (Groundball, 4, EV 86.9 MPH)
Batting: RHB Luis López 0-0: Called Strike
0-1: Called Strike
0-2: Ball
1-2: Ball
2-2: SINGLE (Flyball, 3D, EV 91.9 MPH)
Batting: LHB Nick Nix 0-0: Called Strike
0-1: Called Strike
0-2: Ball
1-2: Ball
Luis López steals 2nd base
2-2: Strikes out swinging
Batting: RHB Juan Méndez 0-0: Ball
1-0: Called Strike
1-1: Foul Ball, location: 3SF
1-2: Strikes out swinging
Top of the 6th over - 0 runs, 1 hit, 0 errors, 1 left on base; Montreal 1 - Orlando 0
BOTTOM OF THE 6TH
Orlando Oracles batting - Pitching for Montreal Royals : RHP Louis Melman
Batting: RHB Cesar Cedeno 0-0: Foul Ball, location: 7LMF
0-1: Ball
1-1: Ball
2-1: Ground out 6-3 (Groundball, 6MS, EV 75.0 MPH)
Batting: RHB Edward Wilson 0-0: Ball
1-0: Ball
2-0: Ball
3-0: Called Strike
3-1: Called Strike
3-2: Ground out 6-3 (Groundball, 6, EV 101.9 MPH)
Batting: RHB Bob Robertson 0-0: Ground out 5-3 (Groundball, 56, EV 104.4 MPH)
Bottom of the 6th over - 0 runs, 0 hits, 0 errors, 0 left on base; Montreal 1 - Orlando 0
TOP OF THE 7TH
Montreal Royals batting - Pitching for Orlando Oracles : RHP Angelino Rodledo
Batting: LHB Bob Byers 0-0: Swinging Strike
0-1: Foul Ball, location: 23F
0-2: Strikes out looking
Batting: LHB Jake Cameron 0-0: Swinging Strike
0-1: Fly out, F8 (Line Drive, 8RD, EV 87.5 MPH)
Batting: RHB Francis Smith 0-0: Foul Ball, location: 7LDF
0-1: Ball
1-1: Ground out 4-3 (Groundball, 4, EV 83.8 MPH)
Top of the 7th over - 0 runs, 0 hits, 0 errors, 0 left on base; Montreal 1 - Orlando 0
BOTTOM OF THE 7TH
Orlando Oracles batting - Pitching for Montreal Royals : RHP Louis Melman
Batting: RHB Miguel Chávez 0-0: DOUBLE (Flyball, 8RXD, EV 111.3 MPH)
Batting: LHB Ed Herrmann 0-0: Foul Ball, location: 25F
0-1: Swinging Strike
0-2: Ball
1-2: Strikes out swinging
Batting: LHB Matty Alou 0-0: Ball
1-0: Called Strike
1-1: Foul Ball, location: 2F
1-2: Ball
2-2: Ball
3-2: Foul Ball, location: 7LMF
3-2: Foul Ball, location: 2F
3-2: Base on Balls
Pinch Hitting: LHB Ken'ichi Taketo 0-0: Called Strike
0-1: Fly out, F3 (Popup, 34, EV 66.3 MPH)
Pinch Hitting: LHB Rusty Staub 0-0: Foul Ball, location: 7LSF
0-1: Ball
1-1: Ball
2-1: Ball
3-1: Swinging Strike
3-2: Base on Balls
Miguel Chávez to third
Matty Alou to second
Batting: RHB Angelino Rodledo 0-0: Ball
1-0: Foul Ball, location: 2F
1-1: Swinging Strike
1-2: Ball
2-2: Strikes out swinging
Bottom of the 7th over - 0 runs, 1 hit, 0 errors, 3 left on base; Montreal 1 - Orlando 0
TOP OF THE 8TH
Montreal Royals batting - Pitching for Orlando Oracles : RHP Angelino Rodledo
Now at 3B: Ken'ichi Taketo
Now at SS: Ryan Hannigan
Batting: RHB Steve Robinson 0-0: Ground out 5-3 (Groundball, 56S, EV 83.8 MPH)
Batting: RHB Louis Melman 0-0: Swinging Strike
0-1: Ball
1-1: Ball
2-1: Called Strike
2-2: Strikes out swinging
Batting: LHB Javier García 0-0: Ball
1-0: SINGLE (Line Drive, 6D, EV 96.9 MPH)
Batting: RHB Luis López 0-0: Ball
1-0: SINGLE (Groundball, 34, EV 109.4 MPH) (infield hit)
Javier García to second
Batting: LHB Nick Nix 0-0: Ball
1-0: Reached on error, E4 (Groundball, 4, EV 80.6 MPH)
Javier García to third
Luis López to second
Batting: RHB Juan Méndez 0-0: Ball
1-0: Called Strike
1-1: Foul Ball, location: 9LDF
1-2: Ball
2-2: Ground out 4-3 (Groundball, 4, EV 93.8 MPH)
Top of the 8th over - 0 runs, 2 hits, 1 error, 3 left on base; Montreal 1 - Orlando 0
BOTTOM OF THE 8TH
Orlando Oracles batting - Pitching for Montreal Royals : RHP Louis Melman
Batting: RHB Cesar Cedeno 0-0: Foul Ball, location: 23FF
0-1: Ball
1-1: Ball
2-1: Ball
3-1: Base on Balls
Batting: RHB Edward Wilson 0-0: Foul Ball, location: 9LSF
0-1: Swinging Strike
0-2: Foul Ball, location: 2F
0-2: SINGLE (Groundball, 34D, EV 98.8 MPH)
Cesar Cedeno to second
Batting: RHB Bob Robertson 0-0: Ball
1-0: SINGLE (Line Drive, 78M, EV 110.0 MPH)
Cesar Cedeno to third
Edward Wilson to second
Batting: RHB Miguel Chávez 0-0: Foul Ball, location: 9LDF
0-1: Called Strike
0-2: Fly out, F9 (Flyball, 9D, EV 110.6 MPH)
Runner from 3rd tags up, SCORES, no throw by RF
Edward Wilson to third
Pitching: RHP Bill Kidder
Batting: LHB Ed Herrmann 0-0: Foul Ball, location: 2RF
0-1: Ball
1-1: Foul Ball, location: 7LMF
1-2: Strikes out swinging
Batting: LHB Matty Alou 0-0: Ball
1-0: Ground out U3 (Groundball, 3L, EV 81.3 MPH)
Bottom of the 8th over - 1 run, 2 hits, 0 errors, 2 left on base; Montreal 1 - Orlando 1
TOP OF THE 9TH
Montreal Royals batting - Pitching for Orlando Oracles : RHP Angelino Rodledo
Batting: LHB Bob Byers 0-0: Called Strike
0-1: Ground out 4-3 (Groundball, 4S, EV 83.8 MPH)
Batting: LHB Jake Cameron 0-0: Called Strike
0-1: SOLO HOME RUN (Flyball, 9D, EV 96.3 MPH), Distance : 371 ft
Batting: RHB Francis Smith 0-0: Called Strike
0-1: Ground out 4-3 (Groundball, 4M, EV 78.1 MPH)
Pinch Hitting: LHB Jesse Lewis 0-0: Ground out 4-3 (Groundball, 4, EV 109.4 MPH)
Top of the 9th over - 1 run, 1 hit, 0 errors, 0 left on base; Montreal 2 - Orlando 1
BOTTOM OF THE 9TH
Orlando Oracles batting - Pitching for Montreal Royals : RHP Bill Kidder
Now at C: Tadataka Miura
Now at 2B: Stewart Gray
Now at 3B: Francis Smith
Now in LF: Nick Nix
Now in CF: Paul Blair
Now in RF: Jake Cameron
Batting: LHB Ken'ichi Taketo 0-0: Called Strike
0-1: Ball
1-1: Fly out, F8 (Flyball, 8LXD, EV 108.1 MPH)
Batting: SHB Ryan Hannigan 0-0: Ball
1-0: Foul Ball, location: 2F
1-1: Foul Ball, location: 2F
1-2: Foul Ball, location: 2F
1-2: Fly out, F7 (Flyball, 78M, EV 84.4 MPH)
Pinch Hitting: LHB Kevin Crum 0-0: Foul Ball, location: 2F
0-1: Ball
1-1: Ball
2-1: Ground out 5-3 (Groundball, 5, EV 83.1 MPH)
Bottom of the 9th over - 0 runs, 0 hits, 0 errors, 0 left on base; Montreal 2 - Orlando 1
Friday, February 23rd , 2024 - OOTP Baseball 24.8 Build 75